 Dungeon Crawl Stone Soup version 0.18.1-8-gdd0e5ea (webtiles) character file.

9476 Gagarin the Blocker (level 11, -4/94 HPs)
             Began as a Minotaur Fighter on May 31, 2016.
             Was a High Priest of Pakellas.
             Slain by nikopol's ghost (18 damage)
             ... on level 10 of the Dungeon.
             The game lasted 00:43:32 (7436 turns).

Gagarin the Blocker (Minotaur Fighter)              Turns: 7436, Time: 00:43:32

Health: -4/94      AC: 16    Str: 23    XL:     11   Next: 23%
Magic:  0/14       EV: -2    Int:  6    God:    Pakellas [*****.]
Gold:   548        SH: 31    Dex: 13    Spells: 0 memorised, 10 levels left

rFire  . . .     SeeInvis .     w - +1 war axe (vamp)
rCold  . . .     Gourm    .     y - +2 plate armour {MR+}
rNeg   + . .     Faith    +     L - +18 shield of the gong {rElec rN+ MR+ EV-5}
rPois  .         Spirit   .     (helmet restricted)
rElec  +         Dismiss  .     (no cloak)
rCorr  .         Reflect  .     (no gloves)
SustAt .         Harm     .     (no boots)
MR     +++..                    M - amulet of Zenumej {Faith Dex+3}
Stlth  ..........               (no ring)
                                q - ring of protection from magic

@: marked, extremely resistant to hostile enchantments, extremely unstealthy
A: retaliatory headbutt, horns 2
a: Quick Charge, Device Surge, Renounce Religion


You were on level 10 of the Dungeon.
You worshipped Pakellas.
Pakellas was extremely pleased with you.
You were not hungry.

You visited 1 branch of the dungeon, and saw 10 of its levels.

You collected 548 gold pieces.

Inventory:

Hand Weapons
 w - a +1 vampiric war axe (weapon)
 Z - a +0 broad axe
Armour
 y - a +2 plate armour of magic resistance (worn)
 L - the +18 shield of the gong (worn) {rElec rN+ MR+ EV-5}
   (You found it on level 4 of the Dungeon)

   It affects your evasion (-5).
   It insulates you from electricity.
   It protects you from negative energy.
   It affects your resistance to hostile enchantments.
Rods
 a - a +4 rod of ignition (12/12)
   (Pakellas gifted it to you on level 9 of the Dungeon)
Jewellery
 q - a ring of protection from magic (left hand)
 t - an uncursed amulet of rage
 M - the amulet of Zenumej (around neck) {Faith Dex+3}
   (You found it on level 5 of the Dungeon)

   [amulet of faith]

   It allows you to gain divine favour quickly.
   It affects your dexterity (+3).
 Q - an uncursed amulet of faith {unknown}
Wands
 g - a wand of paralysis (7/24)
 k - a wand of flame (17/48)
 s - a wand of flame (26/48)
 B - a wand of polymorph (7/24)
 C - a wand of lightning (0/15)
 S - a wand of confusion (45/48)
Scrolls
 i - 4 scrolls of identify
 j - a scroll of brand weapon
 o - 3 scrolls of recharging
 u - 3 scrolls of teleportation
 D - 2 scrolls of fear
 E - 2 scrolls of immolation
 F - a scroll of fog
 H - 5 scrolls of magic mapping
 I - a scroll of enchant weapon {unknown}
 J - a scroll of enchant armour {unknown}
 N - 2 scrolls of blinking {unknown}
 T - 2 scrolls of remove curse
 X - 3 scrolls of amnesia {unknown}
 Y - a scroll of vulnerability {unknown}
Potions
 d - a potion of might
 e - a potion of berserk rage
 n - 4 potions of haste
 p - 2 potions of heal wounds
 r - 7 potions of curing
 v - 3 potions of magic
 z - 2 potions of brilliance
 A - a potion of lignification {unknown}
 O - 4 potions of degeneration {unknown}
 R - a potion of cancellation {unknown}
 W - 3 potions of mutation {unknown}
Books
 b - a book of Geomancy

   Spells                             Type                      Level
   a - Sandblast                      Earth                        1
   b - Passwall                       Transmutation/Earth          2
   c - Stone Arrow                    Conjuration/Earth            3
   d - Petrify                        Transmutation/Earth          4
   e - Lee's Rapid Deconstruction     Earth                        5
 c - a book of Misfortune

   Spells                             Type                      Level
   a - Confusing Touch                Hexes                        2
   b - Confuse                        Hexes                        3
   c - Gell's Gravitas                Hexes/Translocation          3
   d - Petrify                        Transmutation/Earth          4
   e - Metabolic Englaciation         Hexes/Ice                    5
   f - Yara's Violent Unravelling     Hexes/Transmutation          5
 G - a book of Death

   Spells                             Type                      Level
   a - Corpse Rot                     Necromancy                   2
   b - Sublimation of Blood           Necromancy                   2
   c - Agony                          Necromancy                   5
   d - Dispel Undead                  Necromancy                   5
   e - Excruciating Wounds            Charms/Necromancy            5
   f - Bolt of Draining               Conjuration/Necromancy       5
 U - a book of Party Tricks

   Spells                             Type                      Level
   a - Summon Butterflies             Summoning                    1
   b - Apportation                    Translocation                1
   c - Tukima's Dance                 Hexes                        3
   d - Alistair's Intoxication        Transmutation/Poison         5
   e - Invisibility                   Hexes                        6
Miscellaneous
 h - a fan of gales
 V - a phantom mirror
Comestibles
 f - 4 bread rations
 l - 7 royal jellies
 m - 4 meat rations
 x - 6 fruits
 K - 16 chunks of flesh
 P - 2 beef jerkies


   Skills:
 + Level 8.3 Fighting
 + Level 9.5 Axes
 + Level 8.9 Armour
 + Level 4.2 Dodging
 - Level 1.0 Stealth
 + Level 12.7 Shields
 * Level 5.6 Evocations


You had 10 spell levels left.
You didn't know any spells.

Dungeon Overview and Level Annotations

Branches:
Dungeon (10/15)            Temple (0/1) D:7             Orc (0/2) D:9
   Lair: D:8-11

Altars:
Elyvilon
Fedhas
Makhleb
Pakellas
Qazlal
Ru
Vehumet
Xom
Yredelemnul
Zin
The Shining One

Shops:
D:4 (%*(:

Annotations:
D:10 nikopol's ghost, journeyman HOBe


Innate Abilities, Weirdness & Mutations

You reflexively headbutt those who attack you in melee.
You have a pair of horns on your head.


Message History

You closely miss the adder. Nikopol's ghost hits you!
You block the adder's attack.
GONNNNG!
You closely miss nikopol's ghost. Your headbutt misses nikopol's ghost.
Nikopol's ghost is heavily damaged.
You miss the adder. You block nikopol's ghost's attack.
BONNNG!
You block the adder's attack.
GONNNNG!
You slash nikopol's ghost! You headbutt nikopol's ghost.
Nikopol's ghost is severely damaged.
You miss the adder. You block the adder's attack.
BOUMMMMG!
You block nikopol's ghost's attack.
GONNNNG!
The adder bites you but does no damage. Nikopol's ghost hits you!!
* * * LOW HITPOINT WARNING * * *
The adder bites you but does no damage. Nikopol's ghost hits you!!
You die...
Pakellas says: Time to find a new assistant...

#.............#.....
#.............#.....
#.............#.....
#.....##......#..... .......
#.....##......'..... ........#
#.....#.......#..... ........#
##.....#.......#..... ........#
#....S.#.......#..... ........
#...@W.#...[...+..... ........
######.#####+###.....
....##'###+###..##.####....#.....
....#...'..................#.....
....#...#..................#.....
....#..####'##..##...####+#
....#..##...##..######
....#..##.......#
....#..)........+


You could see nikopol's ghost and an adder.

Vanquished Creatures
  Erica (D:10)
  The ghost of Hipnos the Geomancer, a novice GrEE of Vehumet (D:6)
  Pikel (D:7)
  2 hill giants
  Psyche (D:10)
  A queen bee (D:8)
  A wyvern (D:9)
  2 hungry ghosts
  Menkaure (D:6)
  4 wargs (D:9)
  2 water moccasins
  4 orc warriors
  2 black bears (D:10)
  2 ice beasts
  A slave (D:7)
  3 phantoms
  5 ogres
  3 centaurs
  The ghost of Hipnos the Digger, an amateur GrEE (D:3)
  Blork the orc (D:4)
  10 giant frogs
  A gnoll sergeant (D:6)
  2 scorpions
  15 killer bees (D:8)
  4 howler monkeys (D:7)
  9 crimson imps
  7 hounds
  2 giant frog zombies
  3 jellies
  4 orc priests
  A centaur skeleton (D:6)
  2 giant frog skeletons
  2 iguanas
  9 orc wizards
  Natasha (thrice) (D:3)
  11 worker ants
  3 worker ant zombies
  4 gnolls (D:6)
  6 adders
  4 shadow imps
  An ooze (D:1)
  4 dart slugs
  4 giant geckos
  32 orcs
  A bat skeleton (D:2)
  4 giant cockroaches
  4 goblins
  5 hobgoblins
  13 jackals
  5 quokkas
  5 bats
  A giant cockroach zombie (D:6)
  4 giant newts
  6 kobolds
  A quokka skeleton (D:2)
  2 rats
  A spectral orc (D:5)
  A butterfly (D:7)
235 creatures vanquished.

Vanquished Creatures (others)
  A crimson imp (D:7)
  A butterfly (D:7)
  A fungus (D:7)
3 creatures vanquished.

Grand Total: 238 creatures vanquished

Notes
Turn   | Place    | Note
--------------------------------------------------------------
     0 | D:1      | Gagarin the Minotaur Fighter began the quest for the Orb.
     0 | D:1      | Reached XP level 1. HP: 19/19 MP: 0/0
    54 | D:1      | Reached skill level 4 in Shields
    54 | D:1      | Reached XP level 2. HP: 12/26 MP: 1/1
   848 | D:2      | Reached XP level 3. HP: 33/33 MP: 2/2
  1162 | D:3      | Noticed Hipnos's ghost (amateur GrEE)
  1196 | D:3      | Killed Hipnos's ghost
  1196 | D:3      | Reached skill level 1 in Dodging
  1196 | D:3      | Reached XP level 4. HP: 25/40 MP: 3/3
  1444 | D:3      | Noticed Natasha
  1449 | D:3      | Killed Natasha
  1449 | D:3      | Reached XP level 5. HP: 38/46 MP: 4/4
  1454 | D:3      | Noticed Natasha
  1459 | D:3      | Killed Natasha
  1459 | D:3      | Reached skill level 5 in Shields
  1636 | D:3      | Noticed Natasha
  1639 | D:3      | Killed Natasha
  1744 | D:4      | Found Diule's Book Shoppe.
  1802 | D:4      | Found Orrall's Food Shop.
  1809 | D:4      | Found Ruituf's Assorted Antiques.
  1822 | D:4      | Found Japenif's Weapon Emporium.
  1843 | D:4      | Reached skill level 5 in Armour
  1852 | D:4      | Found Veaclu Qito's Weapon Emporium.
  1948 | D:4      | Reached XP level 6. HP: 48/52 MP: 5/5
  2012 | D:4      | Found a shimmering altar of Xom.
  2013 | D:4      | Found a blossoming altar of Fedhas.
  2014 | D:4      | Found an oddly glowing altar of Pakellas.
  2016 | D:4      | Found a stormy altar of Qazlal.
  2021 | D:4      | Became a worshipper of Pakellas the Inventive
  2279 | D:4      | Noticed Blork the orc
  2284 | D:4      | Killed Blork the orc
  2521 | D:5      | Entered Level 5 of the Dungeon
  2592 | D:5      | Got a brightly glowing platinum amulet
  2594 | D:5      | Identified the amulet of Zenumej {Faith Dex+3} (You found it on level 5 of the Dungeon)
  2612 | D:5      | Noticed a water moccasin
  2628 | D:5      | Killed a water moccasin
  2628 | D:5      | Reached skill level 6 in Shields
  2628 | D:5      | Reached XP level 7. HP: 60/60 MP: 6/6
  3000 | D:5      | Found a basalt altar of Yredelemnul.
  3303 | D:6      | Noticed Menkaure
  3310 | D:6      | Killed Menkaure
  3310 | D:6      | Reached skill level 5 in Axes
  3310 | D:6      | Reached skill level 7 in Shields
  3345 | D:6      | Reached XP level 8. HP: 67/67 MP: 7/7
  3367 | D:6      | Reached skill level 5 in Fighting
  3373 | D:6      | Reached * piety under Pakellas
  3373 | D:6      | Received a gift from Pakellas
  3385 | D:6      | Noticed Hipnos's ghost (novice GrEE)
  3410 | D:6      | Killed Hipnos's ghost
  3410 | D:6      | Reached skill level 1 in Stealth
  3410 | D:6      | Reached skill level 8 in Shields
  3527 | D:6      | Reached skill level 9 in Shields
  3559 | D:6      | Reached XP level 9. HP: 75/75 MP: 8/8
  3621 | D:6      | Reached ** piety under Pakellas
  3621 | D:6      | Received a gift from Pakellas
  3621 | D:6      | Reached skill level 1 in Evocations
  4102 | D:6      | Found a burning altar of Makhleb.
  4102 | D:6      | Noticed a cacodemon
  4505 | D:7      | Noticed a hill giant
  4515 | D:7      | Killed a hill giant
  4533 | D:7      | Reached skill level 10 in Shields
  4604 | D:7      | Reached *** piety under Pakellas
  4604 | D:7      | Received a gift from Pakellas
  4656 | D:7      | Noticed Pikel
  4679 | D:7      | Killed Pikel
  4784 | D:7      | Found a staircase to the Ecumenical Temple.
  4815 | D:7      | Found a radiant altar of Vehumet.
  4818 | D:7      | Reached XP level 10. HP: 86/86 MP: 11/11
  5102 | D:7      | Found a sacrificial altar of Ru.
  5292 | D:8      | Reached skill level 11 in Shields
  5295 | D:8      | Reached **** piety under Pakellas
  5295 | D:8      | Received a gift from Pakellas
  5341 | D:8      | Got a twisted short sword {flame}
  6099 | D:8      | Found a glowing silver altar of Zin.
  6099 | D:8      | Found a glowing golden altar of the Shining One.
  6099 | D:8      | Found a white marble altar of Elyvilon.
  6195 | D:9      | Reached ***** piety under Pakellas
  6195 | D:9      | Received a gift from Pakellas
  6318 | D:9      | Found a staircase to the Orcish Mines.
  6419 | D:9      | Reached skill level 12 in Shields
  6429 | D:9      | Reached skill level 5 in Evocations
  7093 | D:10     | Entered Level 10 of the Dungeon
  7093 | D:10     | Noticed Psyche
  7104 | D:10     | Killed Psyche
  7104 | D:10     | Reached XP level 11. HP: 94/94 MP: 13/13
  7208 | D:10     | Noticed Erica
  7229 | D:10     | Killed Erica
  7297 | D:10     | Noticed a hill giant
  7305 | D:10     | Killed a hill giant
  7369 | D:10     | Noticed nikopol's ghost (journeyman HOBe)
  7436 | D:10     | Slain by nikopol's ghost

Skill      XL: |  1  2  3  4  5  6  7  8  9 10 |
---------------+-------------------------------+-----
Shields        | 4 5 6 7 9 10 12 | 12.7
Armour         | 4 5 6 7 8 |  8.9
Fighting       | 4 6 7 8 |  8.3
Axes           | 3 4 5 6 8 9 |  9.5
Dodging        | 1 2 3 4 |  4.2
Stealth        | 1 |  1.0
Evocations     | 3 5 |  5.6

Action                   |  1- 3 |  4- 6 |  7- 9 | 10-12 || total
-------------------------+-------+-------+-------+-------++-------
Melee: War axe           |    94 |    93 |   280 |   361 ||   828
       Headbutt          |    11 |    19 |    66 |    64 ||   160
Invok: Quick Charge      |       |       |     1 |     2 ||     3
Evoke: Wand              |       |       |     4 |    34 ||    38
  Use: Scroll            |       |       |     1 |    15 ||    16
 Stab: Paralysed         |       |       |       |     7 ||     7
       Confused          |       |       |       |     1 ||     1
  Eat: Chunk             |     1 |     4 |     9 |    10 ||    24
       Fruit             |       |     1 |       |       ||     1
       Pizza             |       |     1 |       |       ||     1
       Beef jerky        |       |     1 |       |       ||     1
Armor: Scale mail        |    52 |       |       |       ||    52
       Plate armour      |       |    36 |    47 |    95 ||   178
Dodge: Dodged            |    28 |    13 |     8 |     8 ||    57
Block: Shield            |    49 |    67 |   337 |   488 ||   941
